 Dungeon Crawl Stone Soup version 0.28-a0-479-g5baa6b73be (webtiles) character file.

Game seed: 4604079946737004363

5186 tatocazan the Unseen (level 10, -7/46 HPs)
             Began as a Spriggan Brigand on Sept 18, 2021.
             Was a Follower of Wu Jian.
             Killed from afar by an electric eel (15 damage)
             ... with a bolt of electricity
             ... on level 9 of the Dungeon.
             The game lasted 00:18:57 (14626 turns).

tatocazan the Unseen (Spriggan Brigand)            Turns: 14626, Time: 00:18:58

Health: -7/46      AC:  3    Str:  7    XL:     10   Next: 34%
Magic:  11/11      EV: 16    Int: 13    God:    Wu Jian [*.....]
Gold:   479        SH:  0    Dex: 20    Spells: 9/9 levels left

rFire   . . .      SeeInvis +   n - +2 rapier (venom)
rCold   . . .      Faith    .   (shield restricted)
rNeg    . . .      Spirit   .   b - +0 robe
rPois   .          Reflect  .   (helmet restricted)
rElec   .          Harm     .   c - +0 cloak
rCorr   .          Rampage  .   (gloves unavailable)
Will    ++...      Rage     1%  (boots unavailable)
Stlth   +++++++...              (no amulet)
HPRegen 0.15/turn               f - ring of willpower
MPRegen 0.12/turn               (no ring)

@: about to teleport, very quick
A: very small, no large weapons, unfitting armour, see invisible, speed 3,
antennae 1, talons 1, berserk 1
a: Renounce Religion


You were on level 9 of the Dungeon.
You worshipped Wu Jian.
Wu Jian was aware of your devotion.
You visited 2 branches of the dungeon, and saw 10 of its levels.

You collected 479 gold pieces.

Inventory:

Hand Weapons
 a - a +2 dagger
 n - a +2 rapier of venom (weapon)
Missiles
 d - 22 poisoned darts (quivered)
 e - a curare-tipped dart
Armour
 b - a +0 robe (worn)
 c - a +0 cloak (worn)
Jewellery
 f - a ring of willpower (left hand)
 g - an amulet of faith
Wands
 k - a wand of digging (6)
 p - a wand of iceblast (10)
 t - a wand of acid (3)
Scrolls
 i - 4 scrolls of magic mapping
 j - 2 scrolls of identify
 s - 4 scrolls of teleportation
Potions
 h - a potion of brilliance
 l - 2 potions of degeneration
 v - a potion of attraction {unknown}


   Skills:
 - Level 2.2 Fighting
 + Level 11.8 Short Blades
 - Level 2.0 Throwing
 - Level 1.5 Dodging
 + Level 16.3 Stealth


You had 9 spell levels left.
You didn't know any spells.
Your spell library contained the following spells:

 Spells                   Type           Power      Damage    Failure   Level
 Shock                    Conj/Air       0%         1d3       30%         1
 Gell's Gravitas          Tloc           0%         N/A       67%         3
 Lesser Beckoning         Tloc           0%         N/A       67%         3
 Swiftness                Air            0%         N/A       67%         3
 Teleport Other           Tloc           0%         N/A       67%         3
 Airstrike                Air            0%         N/A       97%         4


Dungeon Overview and Level Annotations

Branches:
Dungeon (9/15)             Temple (1/1) D:7            Lair (0/6) D:8
    Orc: D:9-12

Altars:
Ashenzari
Cheibriados
Dithmenos
Elyvilon
Fedhas
Gozag
Hepliaklqana
Kikubaaqudgha
Makhleb
Nemelex Xobeh
Okawaru
Qazlal
Ru
Sif Muna
Trog
Uskayaw
Wu Jian
Xom
Yredelemnul
Zin
The Shining One

Shops:
D:1 :*?   D:5 :

Annotations:
D:2 Natasha
D:9 3 runed translucent doors, Zenkrye's ghost, journeyman DjCA


Innate Abilities, Weirdness & Mutations

You are very small and have problems with some larger weapons.
You are too small for most types of armour.
You have supernaturally acute eyesight. (SInv)
You cover ground extremely quickly. (Speed+++)
You have a pair of small antennae on your head.
You have sharp toenails.
You tend to lose your temper in combat.


Message History

You now have 467 gold pieces (gained 19).
k - a wand of digging (6) Health restored: 46 You now have 479 gold pieces (gained 12).
A centaur zombie comes into view.
A centaur zombie is nearby!
A centaur zombie is nearby!
A centaur zombie is nearby!
An electric eel comes into view.
The electric eel moves out of view.
Found a potion of curing.
You lunge at the centaur zombie.
The helpless centaur zombie fails to defend itself.
You skewer the centaur zombie like a kebab!!!!
You destroy the centaur zombie!
The Council accepts your kill.
You enter the shallow water.
Moving in this stuff is going to be slow.
The electric eel shoots out a bolt of lightning at you!
The bolt of electricity hits you!
You take 14 damage, and have 32/46 hp.
MASSIVE DAMAGE!!
The electric eel shoots out a bolt of lightning at you!
The bolt of electricity hits you!
You take 7 damage, and have 25/46 hp.
You are too injured to fight recklessly!
You are too injured to fight recklessly!
You are too injured to fight recklessly!
You are too injured to fight recklessly!
As you read the scroll of teleportation, it crumbles to dust.
You feel strangely unstable.
The electric eel shoots out a bolt of lightning at you!
The bolt of electricity hits you.
You take 6 damage, and have 19/46 hp.
The electric eel shoots out a bolt of lightning at you!
The bolt of electricity hits you!
* * * LOW HITPOINT WARNING * * *
You take 12 damage, and have 7/46 hp.
MASSIVE DAMAGE!!
The electric eel shoots out a bolt of lightning at you!
The bolt of electricity hits you!
You die...

..........................
....#.....................
...###....................
..## #....≈≈≈............
...# ...≈≈≈≈≈...........
....# ...≈≈≈≈≈...###.....
..... ...≈;≈≈≈...# .....
..... ....≈≈≈..!.###.....
.... .........@.........
.. .................
.................
.................
.................
.................
................
...............


You could see an electric eel.

Vanquished Creatures
  A manticore (D:7)
  A troll (D:9)
  A hornet (D:8)
  A shadow (D:8)
  A wyvern (D:8)
  Eustachio (D:4)
  A steam dragon (D:7)
  A water moccasin (D:7)
  3 ice beasts
  An orc warrior (D:8)
  2 sky beasts (D:7)
  2 ogres
  A wolf (D:8)
  4 centaurs
  A kobold brigand (D:9)
  5 bullfrogs
  3 scorpions
  A wyvern zombie (D:5)
  17 killer bees
  2 howler monkeys
  2 electric eels
  6 centaur zombies
  A bullfrog zombie (D:5)
  2 jellies
  2 bullfrog skeletons (D:7)
  5 hounds
  3 orc priests
  4 centaur skeletons
  Terence (D:3)
  5 iguanas
  3 orc wizards
  A hound zombie (D:5)
  A howler monkey skeleton (D:7)
  3 adders
  A shadow imp (D:7)
  2 white imps
  An ufetubus (D:8)
  An adder skeleton (D:4)
  An adder zombie (D:5)
  2 worms
  12 orcs
  A bat (D:1)
  12 endoplasms
  A giant cockroach (D:1)
  13 goblins
  3 hobgoblins
  14 jackals
  8 kobolds
  2 quokkas
  5 ball pythons
  2 frilled lizards
  5 rats
175 creatures vanquished.

Vanquished Creatures (others)
  45 plants (D:1)
45 creatures vanquished.

Grand Total: 220 creatures vanquished

Notes
Turn   | Place    | Note
-------+----------+-------------------------------------------
     0 | D:1      | tatocazan the Spriggan Brigand began the quest for the Orb.
     0 | D:1      | Reached XP level 1. HP: 10/10 MP: 2/2
    83 | D:1      | Reached skill level 6 in Stealth
    89 | D:1      | Found Mujetigu's General Store.
    92 | D:1      | Reached XP level 2. HP: 10/15 MP: 3/3
   257 | D:1      | Found Yrchy's Book Boutique.
   641 | D:1      | Reached XP level 3. HP: 18/18 MP: 4/4
   876 | D:1      | Found Nuge's Magic Scroll Shoppe.
  2038 | D:2      | Noticed Natasha
  2198 | D:2      | Reached XP level 4. HP: 22/23 MP: 5/5
  2786 | D:3      | Found a faded altar of an unknown god.
  3038 | D:3      | Noticed Terence
  3079 | D:3      | Killed Terence
  3080 | D:3      | Reached skill level 7 in Stealth
  4703 | D:4      | Identified the +6 scale mail of Ennui {rPois}
  4804 | D:4      | Reached XP level 5. HP: 25/26 MP: 6/6
  4869 | D:4      | Noticed Eustachio
  4871 | D:4      | Killed Eustachio
  4872 | D:4      | Reached skill level 5 in Short Blades
  4872 | D:4      | Reached skill level 8 in Stealth
  4872 | D:4      | Reached XP level 6. HP: 30/30 MP: 7/7
  5356 | D:5      | Entered Level 5 of the Dungeon
  5673 | D:5      | Reached skill level 9 in Stealth
  5854 | D:5      | Found Qops's Book Shop.
  6688 | D:5      | Reached XP level 7. HP: 20/35 MP: 8/8
  7515 | D:6      | Reached skill level 10 in Stealth
  8134 | D:6      | Reached skill level 11 in Stealth
  8134 | D:6      | Reached XP level 8. HP: 39/39 MP: 9/9
  9246 | D:7      | Found a staircase to the Ecumenical Temple.
  9253 | Temple   | Entered the Ecumenical Temple
  9309 | Temple   | Became a worshipper of the Wu Jian Council
  9420 | D:7      | Noticed a manticore
  9426 | D:7      | Killed a manticore
  9427 | D:7      | Reached skill level 12 in Stealth
  9497 | D:7      | Reached skill level 13 in Stealth
  9760 | D:7      | Reached XP level 9. HP: 42/42 MP: 10/10
 10536 | D:6      | Gained mutation: Your spells are a little harder to cast,
                  | but a little more powerful. [potion of mutation]
 10536 | D:6      | Gained mutation: You are clumsy. (Dex -2) [potion of
                  | mutation]
 10536 | D:6      | Gained mutation: You are frail. (-10% HP) [potion of
                  | mutation]
 11393 | D:7      | Reached skill level 10 in Short Blades
 11393 | D:7      | Reached skill level 14 in Stealth
 11652 | D:7      | Lost mutation: You are clumsy. (Dex -2) [potion of
                  | mutation]
 11652 | D:7      | Lost mutation: Your spells are a little harder to cast, but
                  | a little more powerful. [potion of mutation]
 11652 | D:7      | Gained mutation: You tend to lose your temper in combat.
                  | [potion of mutation]
 11652 | D:7      | Gained mutation: You have sharp toenails. [potion of
                  | mutation]
 11653 | D:7      | Lost mutation: You are frail. (-10% HP) [potion of
                  | mutation]
 11653 | D:7      | Gained mutation: You have a pair of small antennae on your
                  | head. [potion of mutation]
 11653 | D:7      | Gained mutation: Your flesh is cold resistant. (rC+)
                  | [potion of mutation]
 11653 | D:7      | Gained mutation: You are strong-willed. (Will+) [potion of
                  | mutation]
 11927 | D:8      | Found a staircase to the Lair.
 11975 | D:8      | Paralysed by a hornet for 3 turns
 12267 | D:8      | Reached skill level 15 in Stealth
 12990 | D:8      | Reached * piety under Wu Jian
 13029 | D:8      | Reached XP level 10. HP: 42/46 MP: 11/11
 14103 | D:9      | Found a runed translucent gate.
 14103 | D:9      | Found a runed translucent gate.
 14103 | D:9      | Found a runed translucent gate.
 14107 | D:9      | Noticed Zenkrye's ghost (journeyman DjCA)
 14115 | D:9      | Reached skill level 16 in Stealth
 14558 | D:9      | Lost mutation: You are strong-willed. (Will+) [potion of
                  | mutation]
 14558 | D:9      | Lost mutation: Your flesh is cold resistant. (rC+) [potion
                  | of mutation]
 14558 | D:9      | Lost mutation: You have a pair of small antennae on your
                  | head. [potion of mutation]
 14558 | D:9      | Gained mutation: You have a pair of small antennae on your
                  | head. [potion of mutation]
 14626 | D:9      | Killed from afar by an electric eel

Illustrated notes

Levels and vault maps discovered:
D:1:      roderic_crop_circles_arrival_small, layout_loops_ring, serial_shops,
          shop_fountains, shop, nicolae_shop_crystal
D:2:      layout_rooms, uniq_crazy_yiuf_cottage, uniq_natasha
D:3:      layout_loops_corners, dreamdust_ecumenical_altar_angels_and_demons,
          uniq_terence
D:4:      layout_basic, hangedman_glass_teeth, uniq_eustachio
D:5:      layout_basic, serial_shops, shop, minmay_hedge_maze
D:6:      layout_loops_cross, minmay_between
D:7:      layout_cave_pools, minmay_temple_entry_proselytizer,
          serial_column_ruins, column_ruins_square_small,
          column_ruins_open_tiny, column_ruins_grid_1,
          column_ruins_corridor_straight, column_ruins_grid_1,
          column_ruins_open_medium, minmay_joined_circles
D:8:      layout_layer_cave, lair_entry_dummy, serial_ice, serial_ice_a,
          serial_ice_l, serial_ice_b, serial_ice_g, grunt_ministairs_12,
          nrook_mini_vaults
D:9:      layout_big_octagon, ebering_ghost_rock_garden, uniq_harold
Temple:   kilobyte_greek_temple

Skill      XL: |  1  2  3  4  5  6  7  8  9 10 |
---------------+-------------------------------+-----
Stealth        | 6 7 8 9 11 13 15 16 | 16.3
Short Blades   | 3 4 5 6 7 9 11 | 11.8
Fighting       | 2 |  2.2
Throwing       | |  2.0
Dodging        | |  1.5

Action                   |  1- 3 |  4- 6 |  7- 9 | 10-12 || total
-------------------------+-------+-------+-------+-------++-------
Melee: Dagger            |   152 |    94 |       |       ||   246
       Rapier            |       |    56 |   216 |    77 ||   349
       Kick              |       |       |    20 |    16 ||    36
Throw: Dart              |    15 |    22 |     9 |     1 ||    47
Invok: Lunge             |       |       |    16 |     6 ||    22
       Whirlwind         |       |       |     1 |    33 ||    34
Evoke: Wand              |       |     3 |     6 |     1 ||    10
  Use: Scroll            |     2 |     1 |     6 |     1 ||    10
       Potion            |       |       |     7 |     4 ||    11
 Stab: Sleeping          |    12 |    14 |    16 |     7 ||    49
       Distracted        |       |     1 |     4 |     1 ||     6
Armor: Robe              |    14 |    18 |    23 |     4 ||    59
Dodge: Dodged            |   119 |    97 |   132 |    42 ||   390

Table legend: (Time is in decaauts)
 A = Elapsed time spent in this place.
 B = Non-inter-level travel time spent in this place.
 C = Inter-level travel time spent in this place.
 D = Time resting spent in this place.
 E = Time spent auto-exploring this place.
 F = Levels seen in this place.
 G = Mean time per level.
                   A        B        C        D        E       F      G
               +--------+--------+--------+--------+--------+-----+--------+
         Total |  12041 |  11807 |    234 |   6319 |   4090 |  10 | 1204.1 |
       Dungeon |  11983 |  11771 |    212 |   6319 |   4064 |   9 | 1331.4 |
        Temple |     58 |     36 |     22 |      0 |     26 |   1 |   58.0 |
               +--------+--------+--------+--------+--------+-----+--------+

Top non-repeatable levels by time:
     D:8: 2126 daAuts
     D:6: 1905 daAuts
     D:1: 1871 daAuts
     D:7: 1844 daAuts
     D:3: 1637 daAuts
     D:5: 1623 daAuts
     D:4: 611 daAuts
     D:2: 250 daAuts
     D:9: 112 daAuts
  Temple: 58 daAuts
